 Dungeon Sprint DCSS version 0.29.0 (webtiles) character file.

Game seed: 10572567932542774242

4 enile the Vexing (level 1, 0/16 HPs)
             Began as a Formicid Wanderer on Aug 25, 2022.
             Frozen to death by an endoplasm (4 damage)
             ... in the Dungeon (Sprint IX: "|||||||||||||||||||||||||||||").
             The game lasted 00:00:21 (17 turns).

enile the Vexing (Formicid Wanderer)                  Turns: 17, Time: 00:00:21

Health: 0/16       AC:  2    Str: 13    XL:     1   Next: 66%
Magic:  3/3        EV: 11    Int: 16    God:
Gold:   0          SH:  3    Dex: 11    Spells: 4/4 levels left

rFire   . . .      SeeInvis +   a - +0 club
rCold   . . .      Faith    .   d - +0 buckler
rNeg    . . .      Spirit   .   c - +0 robe
rPois   .          Reflect  .   (helmet unavailable)
rElec   .          Harm     .   (no cloak)
rCorr   .          Rampage  .   (no gloves)
Will    .....                   (no boots)
Stlth   +.........              (no amulet)
HPRegen 0.05/turn               (no ring)
MPRegen 0.08/turn               (no ring)

@: no status effects
A: permanent stasis, dig shafts and tunnels, antennae 3, four strong arms
a: Dig


You were in the Dungeon.
You visited 1 branch

Inventory:

Hand Weapons
 a - a +0 club (weapon)
Armour
 c - a +0 robe (worn)
 d - a +0 buckler (worn)
Scrolls
 b - a scroll of fear
Potions
 e - a potion of curing
 g - 2 potions of magic


   Skills:
 - Level 2.0 Fighting
 + Level 1.9 Dodging
 - Level 1.3 Shields
 - Level 2.1 Spellcasting
 - Level 4.8 Hexes
 - Level 2.6 Translocations


You had 4 spell levels left.
You didn't know any spells.
Your spell library contained the following spells:

 Spells                   Type           Power      Damage    Failure   Level
 Slow                     Hex            68%        N/A       3%          1
 Apportation              Tloc           20%        N/A       9%          1
 Confusing Touch          Hex            17%        N/A       11%         3
 Portal Projectile        Hex/Tloc       26%        N/A       16%         3
 Dazzling Flash           Conj/Hex       18%        N/A       28%         3


Dungeon Overview and Level Annotations

Branches:
Dungeon (1/1)

Altars:


Innate Abilities, Weirdness & Mutations

You cannot be hasted, slowed, berserked, paralysed or teleported.
You can dig through walls and to a lower floor.
You have a pair of large antennae on your head. (SInv)
Your four strong arms can wield two-handed weapons with a shield.


Message History

The endoplasm is almost dead.
The endoplasm freezes you.
You are frozen.
The endoplasm freezes you.
You are frozen.
You hit the endoplasm.
You kill the endoplasm!
Your Dodging skill increases to level 1!
You hit the endoplasm.
The endoplasm is lightly wounded.
The endoplasm hits you but does no damage.
The endoplasm freezes you.
You are frozen.
You are too injured to fight recklessly!
You feel much better. The endoplasm completely misses you.
You hit the endoplasm.
The endoplasm is heavily wounded.
You block the endoplasm's attack.
You barely miss the endoplasm.
The endoplasm is heavily wounded.
The endoplasm barely misses you.
You hit the endoplasm but do no damage.
The endoplasm is heavily wounded.
The endoplasm closely misses you. The endoplasm hits you.
You hit the endoplasm.
The endoplasm is almost dead.
The endoplasm freezes you.
You are frozen.
You hit the endoplasm.
You kill the endoplasm!
You hit the endoplasm.
The endoplasm is moderately wounded.
The endoplasm freezes you.
You are frozen.
The endoplasm hits you.
* * * LOW HITPOINT WARNING * * *
You hit the endoplasm but do no damage.
The endoplasm is moderately wounded.
The endoplasm freezes you.
You are frozen.
You die...

▓+▓
▓.▓
▓.▓
▓.▓
▓.▓
▓g▓
▓J▓
▓@▓
▓.▓
▓.▓
▓<▓
▓▓▓


You could see an endoplasm and a hobgoblin.

Vanquished Creatures
  3 endoplasms (D)
3 creatures vanquished.

Notes
Turn   | Place    | Note
-------+----------+-------------------------------------------
     0 | D        | enile the Formicid Wanderer began the quest for the Orb.
     0 | D        | enile set off with the following items: a +0 club, a scroll
                  | of fear, a +0 robe, a +0 buckler, a potion of curing, a
                  | potion of heal wounds, 2 potions of magic; and the
                  | following spells available to memorise: Slow, Apportation,
                  | Confusing Touch, Portal Projectile, Dazzling Flash.
     0 | D        | Reached XP level 1. HP: 13/13 MP: 3/3
     9 | D        | Reached skill level 1 in Dodging
    17 | D        | Frozen to death by an endoplasm

Illustrated notes

Levels and vault maps discovered:
D:        linesprint [early_d, line_temple, items_1, d_10, items_2, lair_1,
          lair_end, items_3, orc_1, orc_end, items_4, d_15, swamp_1, shoals_1,
          snake_1, spider_1, d_20, vaults_1, items_5, swamp_end, shoals_end,
          snake_end, spider_end, vaults_end, d_27, items_6, zot_1, zot_end,
          crypt_end, forest_end, elf_end, slime_end, tomb_end, abyss_end,
          pan_hell_end]

Skill      XL: |  1 |
---------------+----+-----
Fighting       | 2 |  2.0
Dodging        | 1 |  1.9
Shields        | |  1.3
Spellcasting   | |  2.1
Hexes          | |  4.8
Translocations | |  2.6

Action                   || total
-------------------------++-------
Melee: Club              ||    13
  Use: Potion            ||     1
Armor: Robe              ||     1
Dodge: Dodged            ||     5
Block: Buckler           ||     1
